 Dungeon Crawl Stone Soup version 0.18.1-47-g9310371 (webtiles) character file.

17 sarahorange the Magician (level 2, -1/19 HPs)
             Began as a Demonspawn Wizard on June 19, 2016.
             Slain by a jackal (3 damage)
             ... on level 1 of the Dungeon.
             The game lasted 00:04:22 (481 turns).

sarahorange the Magician (Demonspawn Wizard)         Turns: 481, Time: 00:04:22

Health: -1/19      AC:  3    Str:  7    XL:     2   Next: 44%
Magic:  0/6        EV: 12    Int: 19    God:
Gold:   11         SH:  0    Dex: 11    Spells: 1 memorised, 6 levels left

rFire  . . .     SeeInvis .     (no weapon)
rCold  . . .     Gourm    .     a - +0 robe
rNeg   . . .     Faith    .     (no shield)
rPois  .         Spirit   .     b - +0 hat
rElec  .         Dismiss  .     (no cloak)
rCorr  .         Reflect  .     (no gloves)
SustAt .         Harm     .     (no boots)
MR     .....                    (no amulet)
Stlth  ++........               (no ring)
                                (no ring)

@: not resistant to hostile enchantments, unstealthy
A: molten scales 1
a: no special abilities


You were on level 1 of the Dungeon.
You were not hungry.

You visited 1 branch of the dungeon, and saw 1 of its levels.

You collected 11 gold pieces.

Inventory:

Hand Weapons
 h - a +0 whip
Missiles
 f - 50 stones (quivered)
Armour
 a - a +0 robe (worn)
 b - a +0 hat (worn)
 j - a +0 robe
Jewellery
 g - an uncursed ring of wizardry {unknown}
Books
 c - a book of Minor Magic

   Spells                             Type                      Level
   a - Magic Dart                     Conjuration                  1
   b - Blink                          Translocation                2
   c - Call Imp                       Summoning                    2
   d - Repel Missiles                 Charms/Air                   2
   e - Slow                           Hexes                        2
   f - Conjure Flame                  Conjuration/Fire             3
   g - Mephitic Cloud                 Conjuration/Poison/Air       3
Comestibles
 d - 2 bread rations
 i - 6 chunks of flesh
 k - a royal jelly


   Skills:
 + Level 0.1 Throwing
 + Level 2.0 Dodging
 + Level 1.9 Stealth
 + Level 3.3 Spellcasting
 + Level 1.2 Conjurations
   Level 1.0 Summonings
   Level 0.8 Translocations


You had 6 spell levels left.
You knew the following spells:

 Your Spells              Type           Power        Failure   Level  Hunger
a - Magic Dart            Conj           #...         10%         1    None


Dungeon Overview and Level Annotations

Branches:
Dungeon (1/15)

Altars:

Annotations:
D:1 1 runed door


Innate Abilities, Weirdness & Mutations

You are partially covered in molten scales (AC +1).


Message History

Casting: Magic Dart
Confirm with . or Enter, or press ? or * to list all spells.
Aiming: Magic Dart
Press: ? - help, Shift-Dir - straight line, f/p - jackal
Aim: a jackal (heavily wounded)
The magic dart hits the jackal.
The jackal is severely wounded.
The jackal bites you.
* * * LOW HITPOINT WARNING * * *
You hit the jackal but do no damage.
The jackal is severely wounded.
The jackal misses you.
You hit the jackal but do no damage.
The jackal is severely wounded.
The jackal bites you but does no damage.
The jackal barely misses you.
You closely miss the jackal.
The jackal is severely wounded.
The jackal bites you.
You die...

#..................#
#.#.....#
######.#.......##.#
#.#.###.# #.###....##
.# #####.#.# #.#
#.##[....# .#
#.......# #.#
#........# .#
#.###.### #.#
#..#.....# .# #.# #.#
#.# #>.##...## .# #.#
#.# #.# #..###.#####.#
#.# #.# #.#
#...((((†.h@.# #.# #.#
#.# ##.###.#######
#.###.#####.#
####...##.#
#........##.#
#....g...h#
#..#####.##.#
#.##...##h.....####..#
#.##.#
#.###.###.####.......#
#....# #.# #.# #.#
######..# #.#### #÷#
#.# #h# #...#####.....
#.# #.# #.#
##........###.


You could see a jackal.

Vanquished Creatures
  A dart slug (D:1)
  2 goblins (D:1)
  2 hobgoblins (D:1)
  2 jackals (D:1)
  4 kobolds (D:1)
  A bat (D:1)
  A giant newt (D:1)
  A rat (D:1)
14 creatures vanquished.

Notes
Turn   | Place    | Note
--------------------------------------------------------------
     0 | D:1      | sarahorange the Demonspawn Wizard began the quest for the Orb.
     0 | D:1      | Reached XP level 1. HP: 13/13 MP: 4/4
     1 | D:1      | Found a runed door.
   339 | D:1      | Gained mutation: You are partially covered in molten scales (AC +1). [demonic ancestry]
   339 | D:1      | Reached XP level 2. HP: 19/19 MP: 4/6
   481 | D:1      | Slain by a jackal

Skill      XL: |  1  2 |
---------------+-------+-----
Dodging        | 2 |  2.0
Throwing       | |  0.1
Stealth        | |  1.9
Spellcasting   | |  3.3
Conjurations   | |  1.2
Summonings     | |  1.0
Translocations | |  0.8

Action                   || total
-------------------------++-------
Melee: Unarmed           ||    27
Throw: Tomahawk          ||     6
       Stone             ||     4
 Cast: Magic Dart        ||    30
Armor: Robe              ||    10
Dodge: Dodged            ||    32
